2735 views
Uploaded 2020-04-02 15:03:04
Game version 1.32.3
11:51 long 1on1 custom game on (4)TwistedMeadows
Game name "PLW3"
Saved by Dziango
2735 views
Uploaded 2020-04-02 15:03:04
Game version 1.32.3
11:51 long 1on1 custom game on (4)TwistedMeadows
Game name "PLW3"
15 units @ 1.9k
/ 0.2k
14 buildings @ 2.2k
/ 0.7k



| Healing Salve | 6 | 600 |
| Scroll of Speed | 1 | 50 |
| Orb of Lightning | 1 | 375 |
| Circlet of Nobility | 2 | 350 |
| Potion of Lesser Invulnerability | 1 | 150 |
| total: | 11 | 1525g |
| Peon | 7 | 525 | / | 0 |
| Grunt | 3 | 600 | / | 0 |
| Raider | 3 | 540 | / | 120 |
| Troll Headhunter | 2 | 280 | / | 40 |
| total: | 15 | 1945g | / | 160w |
| Altar of Storms | 1 | 180 | / | 50 |
| Orc Burrow | 5 | 800 | / | 200 |
| Barracks | 1 | 180 | / | 50 |
| Voodoo Lounge | 4 | 520 | / | 120 |
| War Mill | 1 | 205 | / | 0 |
| Beastiary | 2 | 290 | / | 280 |
| Stronghold | 1 | 315 | / | 190 |
| Fortress | 1 | 325 | / | 190 |
| total: | 14 | 2175g | / | 700w |
| 0:01 | Peon |
| 0:02 | Peon |
| 0:05 | Altar of Storms |
| 0:17 | Orc Burrow |
| 0:34 | Barracks |
| 0:37 | Peon |
| 1:02 | Peon |
| 1:08 | Voodoo Lounge |
| 1:16 | Peon |
| 1:20 | Peon |
| 1:39 | Grunt |
| 1:48 | Peon |
| 2:06 | Wind Walk |
| 2:10 | Healing Salve |
| 2:11 | Healing Salve |
| 2:11 | Scroll of Speed |
| 2:28 | Stronghold |
| 2:46 | Orc Burrow |
| 3:00 | Orc Burrow |
| 3:18 | Circlet of Nobility |
| 3:44 | Grunt |
| 4:11 | Grunt |
| 4:44 | Critical Strike |
| 4:54 | Beastiary |
| 4:55 | Beastiary |
| 5:20 | Circlet of Nobility |
| 5:46 | Fortress |
| 5:48 | Healing Salve |
| 5:55 | Healing Salve |
| 6:01 | Hex |
| 6:33 | Raider |
| 6:34 | Ensnare |
| 6:42 | Wind Walk |
| 7:12 | War Mill |
| 7:13 | Orc Burrow |
| 7:25 | Potion of Lesser Invulnerability |
| 7:46 | Raider |
| 7:53 | Healing Wave |
| 7:54 | Berserker Strength |
| 8:52 | Troll Headhunter |
| 8:54 | Healing Wave |
| 8:59 | Orb of Lightning |
| 9:22 | Healing Salve |
| 9:22 | Healing Salve |
| 9:31 | Orc Burrow |
| 9:44 | War Stomp |
| 9:48 | Reinforced Defenses |
| 10:33 | Voodoo Lounge |
| 10:50 | Voodoo Lounge |
| 11:12 | Troll Headhunter |
| 11:12 | Raider |
| 11:23 | Voodoo Lounge |
17 units @ 3k
/ 0.5k
11 buildings @ 1.8k
/ 0.6k



| Rod of Necromancy | 3 | 450 |
| Orb of Corruption | 1 | 375 |
| Dust of Appearance | 1 | 75 |
| total: | 5 | 900g |
| Acolyte | 3 | 225 | / | 0 |
| Ghoul | 2 | 240 | / | 0 |
| Crypt Fiend | 9 | 1935 | / | 360 |
| Obsidian Statue | 3 | 600 | / | 105 |
| total: | 17 | 3000g | / | 465w |
| Nerubian Tower | 1 | 100 | / | 20 |
| Ziggurat | 6 | 900 | / | 300 |
| Altar of Darkness | 1 | 180 | / | 50 |
| Crypt | 1 | 200 | / | 50 |
| Tomb of Relics | 1 | 130 | / | 30 |
| Graveyard | 1 | 215 | / | 0 |
| Slaughterhouse | 1 | 140 | / | 135 |
| Halls of the Dead | 1 | 320 | / | 210 |
| Black Citadel | 1 | 325 | / | 230 |
| total: | 11 | 1765g | / | 565w |
| 0:01 | Acolyte |
| 0:03 | Ziggurat |
| 0:05 | Altar of Darkness |
| 0:17 | Acolyte |
| 0:32 | Crypt |
| 0:40 | Acolyte |
| 0:58 | Tomb of Relics |
| 1:16 | Graveyard |
| 1:33 | Ghoul |
| 1:45 | Ghoul |
| 2:08 | Rod of Necromancy |
| 2:16 | Death Coil |
| 2:28 | Nerubian Tower |
| 2:41 | Halls of the Dead |
| 2:56 | Ziggurat |
| 3:12 | Crypt Fiend |
| 3:49 | Crypt Fiend |
| 4:08 | Rod of Necromancy |
| 4:08 | Dust of Appearance |
| 4:41 | Unholy Aura |
| 5:08 | Black Citadel |
| 5:21 | Slaughterhouse |
| 5:38 | Ziggurat |
| 5:57 | Crypt Fiend |
| 6:14 | Rod of Necromancy |
| 6:16 | Frost Armor |
| 6:34 | Obsidian Statue |
| 6:47 | Death Coil |
| 6:54 | Burrow |
| 6:58 | Ziggurat |
| 7:12 | Obsidian Statue |
| 7:45 | Frost Nova |
| 7:57 | Crypt Fiend |
| 8:03 | Orb of Corruption |
| 8:49 | Howl of Terror |
| 9:19 | Crypt Fiend |
| 9:28 | Ziggurat |
| 9:42 | Crypt Fiend |
| 10:23 | Crypt Fiend |
| 10:43 | Crypt Fiend |
| 10:54 | Obsidian Statue |
| 11:21 | Crypt Fiend |
| 11:38 | Ziggurat |